 Dungeon Crawl Stone Soup version 0.17-a0-2055-gb4e23be (webtiles) character file.

449 tp1 the Covered (level 7, -3/61 HPs)
             Began as a Gargoyle Berserker on Oct 11, 2015.
             Was a Believer of Trog.
             Killed by divine providence
             ... invoked by an orc priest
              (14 damage)
             ... on level 4 of the Dungeon.
             The game lasted 00:16:25 (2299 turns).

tp1 the Covered (Gargoyle Berserker)                Turns: 2299, Time: 00:16:25

Health: -3/61      AC: 16    Str: 26    XL:     7   Next: 4%
Magic:  7/7        EV:  9    Int:  7    God:    Trog [**....]
Gold:   106        SH:  0    Dex: 11    Spells: 0 memorised, 6 levels left

rFire  . . .     SeeInvis .     f - +3 flail (holy)
rCold  . . .     Clarity  .     r - +0 chain mail
rNeg   + . .     SustAt   .     (no shield)
rPois  ∞         Gourm    .     (no helmet)
rElec  +         Spirit   .     (no cloak)
rCorr  .         Warding  .     (no gloves)
rMut   .         Stasis   .     C - +0 pair of boots
MR     ++...                    (no amulet)
Stlth  ..........               (no ring)
                                (no ring)

@: berserking, regenerating, very quick, very resistant to hostile enchantments,
extremely unstealthy
A: negative energy resistance 1, electricity resistance, unbreathing,
petrification resistance, rot immunity, AC +4
a: Burn Spellbooks, Berserk, Trog's Hand, Renounce Religion


You were on level 4 of the Dungeon.
You worshipped Trog.
Trog was pleased with you.
You were not hungry.

You visited 1 branch of the dungeon, and saw 4 of its levels.

You collected 106 gold pieces.

Inventory:

Hand Weapons
 a - a +0 mace
 f - a +3 flail of holy wrath (weapon)
 x - a +0 flail
 y - a +1 hand axe of freezing
Missiles
 m - 8 arrows of flame
 t - 29 arrows
Armour
 r - a +0 chain mail (worn)
 C - a +0 pair of boots (worn)
Jewellery
 l - an uncursed amulet of warding
 u - an uncursed ring of ice {unknown}
Scrolls
 g - a scroll of magic mapping {unknown}
 k - a scroll of noise
 n - 3 scrolls of immolation
 s - 3 scrolls of recharging
 w - a scroll of amnesia {unknown}
Potions
 e - a potion of curing {unknown}
 j - 3 potions of flight {unknown}
 o - a potion of mutation {unknown}
 q - a potion of ambrosia {unknown}
 z - a potion of resistance {unknown}
 A - a potion of might {unknown}
Comestibles
 c - 4 bread rations
 d - 7 fruits
 h - 2 beef jerkies
 p - a royal jelly
 B - 2 meat rations


   Skills:
 - Level 3.3 Fighting
 - Level 4.0 Maces & Flails
 + Level 6.6 Armour
 - Level 3.0 Dodging


You had 6 spell levels left.
You didn't know any spells.

Dungeon Overview and Level Annotations

Branches:
Dungeon (4/15)
 Temple: D:4-7

Altars:
Nemelex Xobeh
Xom


Innate Abilities, Weirdness & Mutations

You are resistant to torment.
Your stone body is resilient (AC +4).
You are immune to poison.
You resist negative energy.
You are resistant to electric shocks.
You can survive without breathing.
You are immune to petrification.
You are immune to rotting.


Message History

Something hits you but does no damage.
The orc priest calls down the wrath of Beogh upon you.
Something smites you!
* * * LOW HITPOINT WARNING * * *
Things that are here:
a flail; a leather armour; an orc corpse You thump something!
Something hits you but does no damage.
Use which ability?
Your skin crawls.
You feel resistant to hostile enchantments.
You feel slightly more hungry. Something completely misses you.
Use which ability?
A red film seems to cover your vision as you go berserk!
You feel yourself moving faster!
You feel mighty!
You feel somewhat more hungry.
The orc wizard casts a spell.
The orc wizard flickers and vanishes!
Something hits you but does no damage.
The orc priest calls down the wrath of Beogh upon you.
Something smites you!
You die...

##.#.#
#.#.#
#...#
##..#
#).#
#.####..#
#.......#
#####.#>#
#@#Z#
#{#.#
#o#.#
.{..#
#.#.# #.#
..# ...


You could see an orc priest.

Vanquished Creatures
  Edmund (D:4)
  The ghost of Duffy the Skirmisher, an amateur FoMo (D:3)
  A giant frog zombie (D:4)
  A worker ant (D:4)
  An orc wizard (D:3)
  A killer bee zombie (D:3)
  7 adders
  2 oozes (D:3)
  A worm (D:2)
  2 giant geckos (D:2)
  9 orcs
  4 bats
  9 hobgoblins
  4 kobolds
  5 giant cockroaches
  2 giant newts (D:2)
  4 goblins
  11 rats
66 creatures vanquished.

Notes
Turn   | Place    | Note
--------------------------------------------------------------
     0 | D:1      | tp1 the Gargoyle Berserker began the quest for the Orb.
     0 | D:1      | Reached XP level 1. HP: 14/14 MP: 1/1
   111 | D:1      | Reached XP level 2. HP: 9/19 MP: 2/2
   483 | D:2      | Reached XP level 3. HP: 12/23 MP: 3/3
   498 | D:2      | Acquired Trog's second power
   914 | D:2      | Found a shimmering altar of Xom.
  1049 | D:2      | Reached XP level 4. HP: 28/28 MP: 4/4
  1072 | D:2      | Found a shimmering altar of Xom.
  1072 | D:2      | Found a shimmering altar of Xom.
  1072 | D:2      | Found a shimmering altar of Xom.
  1258 | D:3      | Reached skill level 4 in Maces & Flails
  1463 | D:3      | Reached XP level 5. HP: 16/32 MP: 5/5
  1691 | D:3      | Found a sparkling altar of Nemelex Xobeh.
  1979 | D:3      | Noticed Duffy's ghost (amateur FoMo)
  2000 | D:3      | Killed Duffy's ghost
  2000 | D:3      | Reached skill level 5 in Armour
  2000 | D:3      | Reached XP level 6. HP: 37/37 MP: 6/6
  2098 | D:4      | Noticed Edmund
  2123 | D:4      | Killed Edmund
  2123 | D:4      | Reached skill level 6 in Armour
  2295 | D:4      | Reached XP level 7. HP: 24/41 MP: 7/7
  2299 | D:4      | Killed from afar by an orc priest

Vault maps used:
D:1:      minmay_arrival_solitary_statue
D:2:      xom_redecorated, moated_statue, minmay_misc_feat_nine_boxes,
          kennysheep_boxes
D:3:      nemelex_deck
D:4:      uniq_pikel, uniq_edmund

Action                   |  1- 3 |  4- 6 |  7- 9 || total
-------------------------+-------+-------+-------++-------
Melee: Mace              |   127 |   133 |       ||   260
       Flail             |       |    14 |     1 ||    15
       Hand axe          |       |    11 |       ||    11
Invok: Berserk           |       |     3 |     1 ||     4
       Trog's Hand       |       |     1 |     1 ||     2
  Use: Scroll            |       |     5 |       ||     5
  Eat: Chunk             |     1 |     4 |       ||     5
       Bread ration      |       |     1 |       ||     1
